Map: Dusk Towers

Players

lIIlllllIIII (HuK) - Winner!

  • Race: Protoss Protoss
  • League: Master

VillaiN

  • Race: Zerg Zerg
  • League: Master

VOD

Have the link to the VOD?

Description

Time

  • Played on: Nov. 16, 2015, 5:18 p.m.
  • Length: 15:12
Show
View Real Time Build Order
Export as new Build Order

lIIlllllIIII Protoss - Winner!

Build Orders: 1 Gate Expand, Dark Templar Rush 

Get SALT Encoding   

  12  0:01  Probe (Chrono Boost)  
  13  0:11  Probe (Chrono Boost)  
  14  0:17  Pylon  
  14  0:22  Probe (Chrono Boost)  
  16  0:35  Probe (Chrono Boost)  
  16  0:37  Gateway  
  16  0:42  Assimilator  
  16  0:46  Probe (Chrono Boost)  
  17  0:56  Probe (Chrono Boost)  
  18  1:07  Probe (Chrono Boost)  
  19  1:18  Probe (Chrono Boost)  
  20  1:25  Nexus  
  20  1:33  Cybernetics Core  
  20  1:35  Probe (Chrono Boost)  
  20  1:39  Assimilator  
  21  1:46  Probe (Chrono Boost)  
  22  1:54  Pylon  
  22  1:56  Probe (Chrono Boost)  
  23  2:10  Warp Gate  
  23  2:12  Mothership Core (Chrono Boost)  
  25  2:22  Adept  
  27  2:31  Probe (Chrono Boost)  
  27  2:39  Probe (Chrono Boost)  
  27  2:41  Probe (Chrono Boost)  
  29  2:44  Gateway  
  29  2:45  Gateway  
  29  2:47  Twilight Council  
  29  2:50  Probe (Chrono Boost)  
  30  2:53  Sentry  
  30  2:55  Probe (Chrono Boost)  
  33  3:00  Probe (Chrono Boost)  
  35  3:05  Probe (Chrono Boost)  
  35  3:11  Probe (Chrono Boost)  
  36  3:16  Probe (Chrono Boost)  
  37  3:21  Probe (Chrono Boost)  
  37  3:26  Probe (Chrono Boost)  
  39  3:31  Dark Shrine  
  39  3:32  Probe (Chrono Boost)  
  40  3:37  Probe (Chrono Boost)  
  41  3:42  Probe (Chrono Boost)  
  41  3:44  Nexus  
  41  3:47  Probe (Chrono Boost)  
  43  3:53  Probe (Chrono Boost), Pylon  
  44  3:58  Probe (Chrono Boost)  
  44  4:01  Assimilator  
  45  4:03  Probe (Chrono Boost)  
  45  4:05  Assimilator  
  45  4:07  Pylon  
  46  4:12  Probe (Chrono Boost)  
  46  4:14  Probe (Chrono Boost)  
  48  4:22  Probe (Chrono Boost)  
  48  4:23  Forge  
  49  4:26  Probe (Chrono Boost)  
  50  4:33  Probe (Chrono Boost)  
  50  4:37  Probe (Chrono Boost), Pylon  
  52  4:39  Pylon  
  52  4:42  Blink  
  52  4:44  Dark Templar  
  52  4:45  Dark Templar x2  
  56  4:52  Protoss Ground Weapons Level 1 (Chrono Boost)  
  58  4:55  Probe x3 (Chrono Boost)  
  61  5:02  Robotics Facility  
  61  5:06  Probe  
  61  5:07  Probe x2  
  64  5:16  Photon Cannon  
  64  5:18  Probe, Photon Cannon  
  64  5:20  Pylon  
  65  5:22  Sentry  
  65  5:23  Sentry  
  65  5:25  Zealot  
  71  5:33  Probe  
  72  5:43  Probe  
  72  5:49  Probe, Photon Cannon  
  74  5:51  Photon Cannon  
  74  5:52  Probe  
  74  5:54  Robotics Bay  
  74  5:56  Probe  
  74  6:01  Stalker x2  
  74  6:02  Stalker  
  78  6:04  Assimilator  
  78  6:06  Assimilator  
  78  6:07  Observer (Chrono Boost)  
  79  6:19  Pylon  
  79  6:21  Pylon  
  79  6:28  Observer (Chrono Boost)  
  79  6:30  Stalker  
  79  6:31  Stalker x2  
  86  6:36  Pylon  
  86  6:49  Disruptor (Chrono Boost)  
  88  6:59  Pylon  
  88  7:00  Pylon  
  88  7:06  Gateway  
  88  7:07  Gateway x2  
  88  7:08  Gateway  
  82  7:18  Disruptor (Chrono Boost)  
  82  7:36  Pylon x3  
  82  7:38  Stalker  
  82  7:40  Stalker  
  80  8:32  Cybernetics Core, Zealot x5  
  90  8:37  Pylon  
  90  9:09  Pylon  
  86  9:11  Pylon x2  
  86  9:12  Pylon  
  86  9:13  Pylon  
  86  9:14  Pylon  
  84  9:24  Stalker  
  86  9:32  Robotics Facility  
  86  9:33  Robotics Facility  
  82  9:42  Stalker x2  
  82  9:43  Stalker x3  
  92  9:49  Gateway  
  92  9:50  Gateway x2  
  92  9:57  Twilight Council  
  79  10:15  Stalker x2  
  79  10:20  Mothership Core  
  73  10:27  Probe  
  80  10:35  Disruptor (Chrono Boost)  
  80  10:36  Disruptor (Chrono Boost)  
  80  10:38  Gateway  
  80  10:39  Gateway x2  
  80  10:41  Gateway  
  80  10:47  Pylon  
  80  10:50  Nexus  
  80  10:51  Pylon  
  80  10:52  Pylon  
  80  10:54  Pylon  
  80  10:58  Pylon  
  80  10:59  Pylon  
  80  11:00  Probe x2  
  84  11:12  Observer x2 (Chrono Boost)  
  84  11:15  Stalker x3  
  84  11:16  Stalker x2  
  94  11:30  Probe x2  
  96  11:45  Templar Archives, Probe x2  
  100  11:47  Observer x2 (Chrono Boost)  
  100  11:56  Probe  
  101  12:05  Stalker x2  
  105  12:09  Sentry  
  105  12:10  Sentry  
  115  12:25  Probe x3  
  115  12:27  Disruptor x2 (Chrono Boost)  
  116  12:50  Dark Templar x4  
  124  12:51  Probe  
  124  12:52  Probe x2  
  127  13:02  Probe x2, Archon x2  
  130  13:16  Pylon  
  130  13:18  Assimilator x2  
  129  13:20  Disruptor x2 (Chrono Boost)  
  135  13:37  Observer Gravitic Boosters  
  135  14:05  Forge  
  135  14:07  Nexus  
  135  14:08  High Templar x4  
  135  14:09  High Templar x4  
  151  14:12  Archon x2  
  151  14:13  Pylon  
  151  14:14  Archon x2  
  151  14:23  Pylon  
  141  14:48  Stalker x5  
Show
View Real Time Build Order
Export as new Build Order

VillaiN Zerg 

Build Orders: Hatch First, Lurkers 

Get SALT Encoding   

  12  0:01  Drone  
  13  0:14  Overlord  
  13  0:22  Drone  
  14  0:32  Drone x2  
  16  0:50  Hatchery  
  16  0:52  Drone  
  16  0:56  Drone  
  17  0:59  Drone  
  17  1:01  Extractor  
  17  1:16  Spawning Pool  
  16  1:20  Drone  
  16  1:22  Drone  
  18  1:29  Drone  
  19  1:40  Drone  
  20  1:51  Overlord  
  20  2:02  Queen x2  
  20  2:04  Metabolic Boost  
  20  2:07  Zergling x2  
  25  2:09  Zergling x2  
  26  2:19  Drone x2  
  28  2:23  Drone x2  
  30  2:35  Drone x2  
  32  2:42  Lair  
  32  2:44  Extractor  
  32  2:46  Overlord  
  32  2:47  Drone  
  32  2:56  Drone  
  32  2:57  Drone  
  34  3:00  Extractor  
  32  3:07  Overlord  
  32  3:09  Drone  
  32  3:11  Drone x3  
  36  3:18  Drone x2  
  38  3:20  Overlord  
  38  3:21  Drone  
  39  3:37  Drone x2  
  39  3:39  Extractor  
  40  3:42  Drone x4, Hydralisk Den  
  43  3:48  Drone  
  43  3:50  Drone x2  
  43  3:52  Drone  
  43  3:55  Drone  
  48  3:58  Drone  
  49  4:08  Overlord  
  48  4:11  Lurker Den  
  48  4:18  Hydralisk x2  
  48  4:19  Hydralisk  
  48  4:20  Hydralisk  
  48  4:22  Hydralisk  
  58  4:26  Overlord  
  58  4:28  Hydralisk  
  60  4:31  Hydralisk  
  60  4:34  Hydralisk  
  60  4:38  Overlord  
  64  4:47  Zergling x6  
  64  4:48  Overseer  
  64  4:52  Zergling x6  
  70  4:54  Zergling x2  
  70  4:55  Zergling x4  
  70  4:57  Zergling x4  
  75  5:06  Zergling x4  
  77  5:18  Zergling x4  
  79  5:25  Spore Crawler  
  79  5:26  Overseer  
  79  5:27  Spore Crawler, Overseer  
  74  5:37  Lurker x6  
  74  5:38  Zergling x8  
  75  6:04  Hydralisk  
  75  6:05  Hydralisk  
  78  6:26  Drone x2  
  78  6:27  Drone x4  
  78  6:30  Overlord  
  78  6:31  Overlord  
  84  6:32  Overlord  
  82  6:53  Overlord  
  82  6:54  Hydralisk x4  
  88  7:03  Overlord, Lurker  
  88  7:04  Pneumatized Carapace  
  76  7:31  Zergling x2  
  76  7:32  Zergling x14  
  83  7:37  Lurker  
  81  7:53  Zergling x2  
  81  7:54  Zergling x16  
  85  8:11  Overlord  
  82  8:16  Hydralisk x2  
  82  8:17  Hydralisk x3  
  82  8:18  Zergling x2  
  70  8:38  Lurker x2  
  72  8:41  Drone  
  72  8:42  Drone x4  
  77  8:51  Drone x3  
  70  9:12  Hydralisk x6  
  70  9:14  Zergling x4  
  80  9:19  Hydralisk  
  80  9:20  Zergling x2  
  81  9:25  Zergling x4  
  80  9:35  Hydralisk x2  
  84  9:45  Hydralisk  
  84  9:46  Zergling x6  
  89  9:54  Spire  
  89  9:57  Zergling x2  
  89  9:58  Zergling x8  
  75  10:15  Overseer  
  75  10:20  Hydralisk x6  
  86  10:27  Lurker  
  86  10:31  Lurker  
  86  10:34  Lurker  
  87  10:43  Hatchery  
  87  10:47  Lurker x3  
  87  10:48  Lurker x3  
  92  10:53  Zergling x2  
  92  10:54  Zergling x4  
  93  11:12  Zerg Flyer Weapons Level 1  
  93  11:16  Zergling x6  
  93  11:17  Zergling x6  
  99  11:34  Overlord x2  
  99  11:38  Evolution Chamber  
  99  11:39  Hatchery  
  93  12:03  Overlord  
  84  12:20  Zergling x32  
  92  12:25  Zerg Melee Weapons Level 1  
  75  12:58  Drone x3  
  78  13:01  Mutalisk x7  
  92  13:07  Hydralisk  
  92  13:09  Extractor  
  93  13:14  Extractor  
  92  13:23  Overseer  
  92  13:24  Mutalisk  
  92  13:25  Mutalisk x2  
  97  13:34  Lurker  
  97  13:36  Hydralisk x2  
  102  13:46  Mutalisk  
  102  13:47  Mutalisk x2  
  108  13:51  Mutalisk  
  110  14:00  Mutalisk x2  
  114  14:12  Drone x2  
  116  14:18  Drone x2  
  118  14:24  Overseer  
  118  14:33  Mutalisk  
  118  14:34  Mutalisk  
  118  14:38  Overlord x2  
  117  14:46  Overlord x2  
  117  14:48  Hydralisk x2  
  117  14:58  Lurker  
  117  14:59  Lurker  
Tags
 
Add a new tag
Caveats
  • Supply blocks, unpowered buildings, or Contaminate may cause inaccurate times.
  • Supply counts are checked every 10 seconds.